 Dungeon Crawl Stone Soup version 0.20-a0-848-g73d9be0 (webtiles) character file.

445 George the Carver (level 6, -12/51 HPs)
             Began as a Minotaur Fighter on Mar 9, 2017.
             Mangled by an ogre
             ... wielding a +0 giant spiked club
              (18 damage)
             ... on level 4 of the Dungeon.
             The game lasted 00:03:35 (2786 turns).

George the Carver (Minotaur Fighter)                Turns: 2786, Time: 00:03:36

Health: -12/51     AC: 13    Str: 23    XL:     6   Next: 72%
Magic:  5/5        EV:  4    Int:  5    God:
Gold:   248        SH:  9    Dex:  9    Spells: 5/5 levels left

rFire    . . .     SeeInvis .   a - +0 long sword
rCold    . . .     Gourm    .   w - +0 plate armour
rNeg     . . .     Faith    .   c - +0 shield
rPois    .         Spirit   .   q - +2 hat
rElec    .         Reflect  .   (no cloak)
rCorr    .         Harm     .   (no gloves)
MR       .....                  (no boots)
Stlth    ..........             (no amulet)
Regen    0.2/turn               (no ring)
MPRegen  0.1/turn               (no ring)

@: lethally poisoned (-12 -> -13)
A: retaliatory headbutt, horns 2
a: no special abilities


You were on level 4 of the Dungeon.
You were very hungry.

You visited 1 branch of the dungeon, and saw 4 of its levels.

You collected 248 gold pieces.

Inventory:

Hand Weapons
 a - a +0 long sword (weapon)
 v - the +10 short sword of Upheaval {freeze, rElec rF+ Str+4, unknown}
   (You found it on level 4 of the Dungeon)

   It has been specially enchanted to freeze those struck by it, causing extra
   injury to most foes and up to half again as much damage against particularly
   susceptible opponents.
   It can also slow down cold-blooded creatures.
   It affects your strength (+4).
   It protects you from fire.
   It insulates you from electricity.
Missiles
 e - a throwing net (quivered)
Armour
 c - a +0 shield (worn)
 q - a +2 hat (worn)
 w - a +0 plate armour (worn)
Scrolls
 g - 2 scrolls of enchant armour {unknown}
 h - 9 scrolls of teleportation {unknown}
 i - 2 scrolls of remove curse {unknown}
 j - a scroll of noise {unknown}
 k - a scroll of magic mapping {unknown}
 l - 2 scrolls of amnesia {unknown}
 m - 3 scrolls of fog {unknown}
 o - a scroll of identify {unknown}
 r - a scroll of immolation {unknown}
 t - a scroll of blinking {unknown}
 u - a scroll of random uselessness {unknown}
Potions
 d - a potion of might
 n - a potion of flight {unknown}
 p - a potion of haste {unknown}
 s - a potion of berserk rage {unknown}
 x - a potion of ambrosia {unknown}
Comestibles
 b - a meat ration
 f - a bread ration


   Skills:
 - Level 3.6 Fighting
 + Level 8.8 Long Blades
 - Level 3.6 Armour
 - Level 3.6 Shields


You had 5 spell levels left.
You didn't know any spells.

Dungeon Overview and Level Annotations

Branches:
Dungeon (4/15)
 Temple: D:4-7

Altars:
Cheibriados
Makhleb
Nemelex Xobeh
Uskayaw


Innate Abilities, Weirdness & Mutations

You reflexively headbutt those who attack you in melee.
You have a pair of horns on your head.


Message History

You block the kobold's attack.
You feel sick. The kobold hits you but does no damage.
You see here a tomahawk.
You feel sick.
You barely miss the ogre.
You feel sick.
The ogre hits you with a giant spiked club.
You hit the ogre.
The ogre is lightly wounded.
The ogre hits you but does no damage.
You hit the ogre.
The ogre is moderately wounded.
Your shield and plate armour prevent you from hitting the ogre.
The ogre is moderately wounded.
The ogre hits you with a giant spiked club!!
* * * LOW HITPOINT WARNING * * *
You hit the ogre but do no damage.
The ogre is moderately wounded.
You feel sick.
The ogre hits you with a giant spiked club!!
You die...

#.# #.# #.# #.#
#.#####.##
.......##
#########.....#.###
#...@OK.(...)......
#.#######...).#.###
#.# #....## #(####
#.#.## #.##.##
#.#.# #.#...###..<.
#......####.(.
###...## #.###
.####...#####.#


You could see an ogre and a kobold.

Vanquished Creatures
  Sigmund (D:3)
  A howler monkey (D:4)
  The ghost of anet the Magician, a weakling DEWz (D:3)
  2 orc wizards
  A worker ant (D:4)
  Terence (D:3)
  4 adders
  2 oozes
  An adder skeleton (D:4)
  A dart slug (D:2)
  A leopard gecko (D:1)
  5 orcs (D:4)
  4 giant cockroaches
  8 goblins
  4 hobgoblins
  A quokka (D:2)
  2 ball pythons (D:2)
  7 bats
  4 frilled lizards
  6 kobolds
  10 rats
67 creatures vanquished.

Notes
Turn   | Place    | Note
-------+----------+-------------------------------------------
     0 | D:1      | George the Minotaur Fighter began the quest for the Orb.
     0 | D:1      | Reached XP level 1. HP: 19/19 MP: 0/0
   102 | D:1      | Reached skill level 3 in Long Blades
   158 | D:1      | Reached XP level 2. HP: 20/26 MP: 1/1
   647 | D:2      | Found a snail-covered altar of Cheibriados.
   651 | D:2      | Reached skill level 4 in Long Blades
   688 | D:2      | Reached XP level 3. HP: 31/31 MP: 2/2
  1208 | D:2      | Reached skill level 5 in Long Blades
  1358 | D:2      | Reached XP level 4. HP: 39/39 MP: 3/3
  1437 | D:3      | Noticed Terence
  1446 | D:3      | Killed Terence
  1543 | D:3      | Noticed Sigmund
  1589 | D:3      | Killed Sigmund
  1589 | D:3      | Reached skill level 7 in Long Blades
  1589 | D:3      | Reached XP level 5. HP: 30/45 MP: 4/4
  1952 | D:3      | Noticed anet's ghost (weakling DEWz)
  1955 | D:3      | Killed anet's ghost
  1955 | D:3      | Reached XP level 6. HP: 51/51 MP: 5/5
  2104 | D:4      | Reached skill level 8 in Long Blades
  2434 | D:4      | Found a sparkling altar of Nemelex Xobeh.
  2461 | D:4      | Got a warped short sword
  2597 | D:4      | Found a hide-covered altar of Uskayaw.
  2600 | D:4      | Found a burning altar of Makhleb.
  2786 | D:4      | Mangled by an ogre

Vault maps used:
D:1:      dpeg_arrival_lava_altar, minmay_cupped
D:2:      old_standard_altar
D:3:      uniq_terence, uniq_sigmund
D:4:      minitemple, nicolae_temple_entry_ecumenical, supply_closet_lemuel

Skill      XL: |  1  2  3  4  5  6 |
---------------+-------------------+-----
Long Blades    | 3 4 5 7 8 |  8.8
Fighting       | |  3.6
Armour         | |  3.6
Shields        | |  3.6

Action                   |  1- 3 |  4- 6 || total
-------------------------+-------+-------++-------
Melee: Long sword        |    74 |   131 ||   205
       Headbutt          |    10 |    22 ||    32
  Eat: Chunk             |     1 |     4 ||     5
Armor: Scale mail        |    27 |    37 ||    64
       Plate armour      |       |    21 ||    21
Dodge: Dodged            |    26 |    22 ||    48
Block: Shield            |    37 |    58 ||    95
       Rpst.: Long sword |    13 |     8 ||    21
